Capitals vs Penguins
Created - 12 janvier 2014 at 21:49
Goals
|
| Capitals |
0 |
0 |
1 |
1 |
| Penguins |
2 |
1 |
1 |
4 |
|
Shots
|
| Capitals |
6 |
11 |
7 |
24 |
| Penguins |
18 |
10 |
10 |
38 |
|
1st period
1. Penguins , Dainius Zubrus 10 (Mike Watt, Denis Arkhipov) at 13:22
2. Penguins , Dan Hamhuis 2 (Peter Forsberg, Brad Isbister) at 17:12
Penalties :
Bobby Ryan (Was) for Holding (Minor) at 19:54
2nd period
3. Penguins , Ted Purcell 14 (Peter Forsberg, Tom Preissing) at 15:26
Penalties :
Evgeni Malkin (Was) for Elbowing (Minor) at 7:14, Ales Hemsky (Was) for Tripping (Minor) at 11:44, Anton Volchenkov (Was) for Holding Stick (Minor) at 17:20, Denis Arkhipov (Pit) for Holding (Minor) at 19:27
3rd period
4. Penguins , Peter Forsberg 27 (Darren Reid) at 17:05 (PP)
5. Capitals , Anton Volchenkov 4 (Nicklas Backstrom) at 18:26 (SH)
Penalties :
Braydon Coburn (Was) for Roughing (Minor) at 4:05, Ryan Suter (Was) for Delaying the game (Minor) at 16:57, Thomas Vanek (Was) for Hooking (Minor) at 17:35, Ryan Suter (Was) for Cross-checking (Minor) at 19:52
Goalie Stats
Niklas Backstrom (Was), 34 saves from 38 shots - (0,895), L, 6-8-2, 60:00 minutes
Chet Pickard (Pit), 23 saves from 24 shots - (0,958), W, 1-0-0, 60:00 minutes
Players Stats for Capitals
Player Name G A P +/- PIM S H SB GA TA FO MP PP MP PK MP
------------------------------------------------------------------------------------
Adam Hall 0 0 0 0 0 0 0 0 0 0 0/0 6:10 0:00 0:00
Ales Hemsky 0 0 0 -1 2 2 2 0 0 0 2/3 12:09 0:45 0:00
Anton Volchenkov 1 0 1 -1 2 3 1 0 0 0 0/0 17:11 0:00 3:17
Bobby Ryan 0 0 0 0 2 3 3 0 1 0 0/1 14:33 1:14 0:00
Braydon Coburn 0 0 0 -2 2 0 1 4 0 1 0/0 23:56 0:42 7:05
Brian Rafalski 0 0 0 -1 0 2 0 0 1 0 0/0 21:06 1:17 0:08
Brooks Laich 0 0 0 0 0 0 2 0 0 0 2/9 14:23 0:45 0:38
Bryce Salvador 0 0 0 0 0 0 2 0 0 0 0/0 19:59 0:00 8:17
Chris Kunitz 0 0 0 0 0 0 0 0 0 0 1/1 7:39 0:00 2:11
Evgeni Malkin 0 0 0 -2 2 1 0 1 1 0 7/17 22:19 1:14 5:40
Joe Corvo 0 0 0 0 0 0 0 2 0 0 0/0 13:48 0:42 1:39
Nicklas Backstrom 0 1 1 -1 0 1 0 0 0 2 12/25 19:58 0:45 3:30
Peter Regin 0 0 0 1 0 3 0 0 0 0 0/4 8:43 0:00 3:01
Pierre-Alexandre Parente 0 0 0 -1 0 1 2 0 1 0 0/0 11:25 0:00 0:00
Ryan Suter 0 0 0 0 4 2 2 0 0 0 0/0 23:29 1:17 3:52
Steve Sullivan 0 0 0 -1 0 1 2 0 1 0 0/0 11:25 0:00 0:00
Thomas Vanek 0 0 0 0 2 3 0 0 1 0 0/0 16:30 0:00 2:32
Zach Parise 0 0 0 -2 0 2 1 0 0 0 1/3 23:00 1:14 6:46
Players Stats for Penguins
Player Name G A P +/- PIM S H SB GA TA FO MP PP MP PK MP
------------------------------------------------------------------------------------
Brad Isbister 0 1 1 2 0 2 0 0 0 0 1/2 14:23 0:12 0:23
Brooks Orpik 0 0 0 -1 0 2 0 3 0 1 0/0 23:08 4:43 0:23
Carlo Colaiacovo 0 0 0 0 0 1 0 0 0 0 0/0 18:13 4:43 0:00
Dainius Zubrus 1 0 1 1 0 3 2 0 0 0 0/1 11:32 0:12 1:36
Dan Hamhuis 1 0 1 1 0 4 4 0 1 1 0/0 22:04 7:26 1:36
Darren Reid 0 1 1 -1 0 2 3 1 1 0 0/2 21:01 6:46 0:00
Denis Arkhipov 0 1 1 1 2 1 1 0 0 0 5/7 10:19 0:12 0:00
Jere Lehtinen 0 0 0 0 0 3 1 1 0 0 0/0 8:07 0:00 0:00
Marc-Édouard Vlasic 0 0 0 0 0 1 1 1 0 0 0/0 28:02 7:26 0:00
Mike Watt 0 1 1 1 0 1 2 0 0 0 0/0 14:53 5:11 0:00
Peter Forsberg 1 2 3 1 0 3 4 0 0 1 19/30 22:09 6:52 1:31
Ryan Kesler 0 0 0 0 0 2 2 1 0 1 10/16 19:36 5:05 0:28
Steve Staios 0 0 0 2 0 2 3 3 0 0 0/0 16:24 0:00 1:36
Steven Reinprecht 0 0 0 0 0 2 2 0 0 0 2/3 8:07 0:00 0:00
Taylor Pyatt 0 0 0 -1 0 7 3 1 0 1 1/1 21:01 6:46 0:00
Ted Purcell 1 0 1 2 0 1 1 0 0 0 0/0 18:45 5:11 0:00
Tom Preissing 0 1 1 2 0 1 0 1 1 0 0/0 12:09 0:00 0:23
Ville Peltonen 0 0 0 0 0 0 1 0 0 1 0/1 8:07 0:00 0:00
3 Stars
1 - Peter Forsberg (Pit)
2 - Dan Hamhuis (Pit)
3 - Chet Pickard (Pit)
Power Play
Capitals - 0 on 1 Attempt(s) - 0,00%
Penguins - 1 on 8 Attempt(s) - 12,50%
Penalty Kill
Capitals - 7 on 8 Attempt(s) - 87,50%
- Score 1 goal in Penalty Kill
Penguins - 1 on 1 Attempt(s) - 100,00%
- Score 0 goal in Penalty Kill
Official
Referees : LaRue Dennis and McCreary Bill
Linesman : Greg Devorski and Andy McElman
Game Notes
No Game Note
Finance
Level 1 -- Attendance: 5366 (89,43%) -- Ticket Income 434 646 $
Level 2 -- Attendance: 4881 (97,62%) -- Ticket Income 195 240 $
Level 3 -- Attendance: 2000 (100,00%) -- Ticket Income 48 000 $
Level 4 -- Attendance: 4000 (100,00%) -- Ticket Income 68 000 $
Luxury Box -- Attendance: 981 (98,10%) -- Ticket Income 161 865 $
Game was played at the Igloo
Total Attendance: 17228 (95,71%)
Total Ticket Income: 907 751 $
Other Income: 136 163 $
Total Income: 1 043 914 $
Capitals
5 vs 5 Forward
Center Left Wing Right Wing Time % Phy DF OF
1 Nicklas Backstrom Zach Parise Evgeni Malkin 42 0 1 4
2 Brooks Laich Thomas Vanek Bobby Ryan 31 0 1 4
3 Ales Hemsky Steve Sullivan Pierre-Alexandre Parentea24 0 2 3
4 Peter Regin Chris Kunitz Adam Hall 3 1 3 1
5 vs 5 Defense
Defense Defense Time % Phy DF OF
1 Brian Rafalski Ryan Suter 40 1 2 2
2 Anton Volchenkov Braydon Coburn 30 1 3 1
3 Bryce Salvador Joe Corvo 20 1 3 1
4 Braydon Coburn Brian Rafalski 10 1 2 2
PowerPlay Forward
Center Left Wing Right Wing Time % Phy DF OF
1 Evgeni Malkin Zach Parise Bobby Ryan 60 0 1 4
2 Brooks Laich Nicklas Backstrom Ales Hemsky 40 0 1 4
PowerPlay Defense
Defense Defense Time % Phy DF OF
1 Brian Rafalski Ryan Suter 60 0 1 4
2 Joe Corvo Braydon Coburn 40 0 1 4
Penalty Kill 4 Players Forward
Center Wing Time % Phy DF OF
1 Evgeni Malkin Zach Parise 60 1 3 1
2 Nicklas Backstrom Thomas Vanek 40 1 3 1
Penalty Kill 4 Players Defense
Defense Defense Time % Phy DF OF
1 Braydon Coburn Bryce Salvador 60 1 4 0
2 Anton Volchenkov Ryan Suter 40 1 4 0
Penalty Kill - 3 Players Forward
Forward Time % Phy DF OF
1 Evgeni Malkin 60 0 5 0
2 Zach Parise 40 0 4 0
Penalty Kill - 3 Players Defense
Defense Defense Time % Phy DF OF
1 Braydon Coburn Bryce Salvador 60 1 4 0
2 Anton Volchenkov Ryan Suter 40 1 4 0
4 vs 4 Forward
Center Wing Time % Phy DF OF
1 Evgeni Malkin Zach Parise 60 0 2 3
2 Brooks Laich Thomas Vanek 40 0 2 3
4 vs 4 Defense
Defense Defense Time % Phy DF OF
1 Brian Rafalski Ryan Suter 60 0 3 2
2 Joe Corvo Bryce Salvador 40 0 3 2
Last Minutes Offensive
Center Left Wing Right Wing Defense Defense
Evgeni Malkin Zach Parise Bobby Ryan Braydon Coburn Bryce Salvador
Last Minutes Defensive
Center Left Wing Right Wing Defense Defense
Evgeni Malkin Zach Parise Bobby Ryan Braydon Coburn Bryce Salvador
Goaltenders
Starting : Niklas Backstrom
Backup : Nikolai Khabibulin
Extra Forwards
Normal : Chris Kunitz, Nicklas Backstrom, Peter Regin - PP : Chris Kunitz, Nicklas Backstrom - PK : Peter Regin
Extra Defensemen
Normal : Ryan Suter, Brian Rafalski, Anton Volchenkov - PP : Brian Rafalski - PK : Ryan Suter, Joe Corvo
Penalty Shots
Evgeni Malkin, Zach Parise, Nicklas Backstrom, Thomas Vanek, Bobby Ryan
Penguins
5 vs 5 Forward
Center Left Wing Right Wing Time % Phy DF OF
1 Peter Forsberg Brad Isbister Ted Purcell 40 0 1 4
2 Ryan Kesler Taylor Pyatt Darren Reid 39 0 1 4
3 Denis Arkhipov Mike Watt Dainius Zubrus 20 4 1 0
4 Steven Reinprecht Ville Peltonen Jere Lehtinen 1 4 1 0
5 vs 5 Defense
Defense Defense Time % Phy DF OF
1 Marc-Édouard Vlasic Brooks Orpik 40 1 1 3
2 Carlo Colaiacovo Dan Hamhuis 30 1 1 3
3 Tom Preissing Steve Staios 20 1 1 3
4 Marc-Édouard Vlasic Steve Staios 10 1 1 3
PowerPlay Forward
Center Left Wing Right Wing Time % Phy DF OF
1 Peter Forsberg Taylor Pyatt Darren Reid 60 0 1 4
2 Ryan Kesler Mike Watt Ted Purcell 40 0 1 4
PowerPlay Defense
Defense Defense Time % Phy DF OF
1 Dan Hamhuis Marc-Édouard Vlasic 60 1 1 3
2 Carlo Colaiacovo Brooks Orpik 40 1 1 3
Penalty Kill 4 Players Forward
Center Wing Time % Phy DF OF
1 Denis Arkhipov Dainius Zubrus 60 2 2 1
2 Steven Reinprecht Ville Peltonen 40 2 2 1
Penalty Kill 4 Players Defense
Defense Defense Time % Phy DF OF
1 Steve Staios Dan Hamhuis 60 4 1 0
2 Brooks Orpik Tom Preissing 40 4 1 0
Penalty Kill - 3 Players Forward
Forward Time % Phy DF OF
1 Denis Arkhipov 60 4 1 0
2 Ville Peltonen 40 4 1 0
Penalty Kill - 3 Players Defense
Defense Defense Time % Phy DF OF
1 Dan Hamhuis Steve Staios 60 3 2 0
2 Brooks Orpik Tom Preissing 40 4 1 0
4 vs 4 Forward
Center Wing Time % Phy DF OF
1 Peter Forsberg Darren Reid 60 0 0 5
2 Ryan Kesler Ted Purcell 40 0 0 5
4 vs 4 Defense
Defense Defense Time % Phy DF OF
1 Dan Hamhuis Marc-Édouard Vlasic 60 1 1 3
2 Carlo Colaiacovo Brooks Orpik 40 1 1 3
Last Minutes Offensive
Center Left Wing Right Wing Defense Defense
Peter Forsberg Taylor Pyatt Darren Reid Marc-Édouard Vlasic Carlo Colaiacovo
Last Minutes Defensive
Center Left Wing Right Wing Defense Defense
Denis Arkhipov Ville Peltonen Darren Reid Dan Hamhuis Tom Preissing
Goaltenders
Starting : Chet Pickard
Backup : Jason LaBarbera
Extra Forwards
Normal : Ryan Kesler, Peter Forsberg, Darren Reid - PP : Ryan Kesler, Darren Reid - PK : Dainius Zubrus
Extra Defensemen
Normal : Steve Staios, Marc-Édouard Vlasic, Dan Hamhuis - PP : Marc-Édouard Vlasic - PK : Brooks Orpik, Dan Hamhuis
Penalty Shots
Peter Forsberg, Ted Purcell, Ryan Kesler, Taylor Pyatt, Darren Reid
% Time on Ice - Capitals
Lines # - Real PCT - Wanted PCT - Time Play
Normal Forward
1 - 33% - 42% - 15:00
2 - 30% - 31% - 13:59
3 - 25% - 24% - 11:25
4 - 12% - 3% - 5:28
Normal Defense
1 - 40% - 40% - 18:17
2 - 28% - 30% - 13:00
3 - 25% - 20% - 11:20
4 - 7% - 10% - 3:15
PP Forward
1 - 62% - 60% - 1:14
2 - 38% - 40% - 0:45
PP Defense
1 - 65% - 60% - 1:17
2 - 35% - 40% - 0:42
PK Forward
1 - 74% - 60% - 8:57
2 - 26% - 40% - 3:12
PK Defense
1 - 71% - 60% - 8:37
2 - 29% - 40% - 3:32
PK3 Forward
1 - 0% - 60%
2 - 0% - 40%
PK3 Defense
1 - 0% - 60%
2 - 0% - 40%
44 Forward
1 - 0% - 60%
2 - 0% - 40%
44 Defense
1 - 0% - 60%
2 - 0% - 40%
Last Minute Offensive - 0:00
Last Minute Defensive - 0:00
Total
Forward - 60:00
Defense - 60:00
|
% Time on Ice - Penguins
Lines # - Real PCT - Wanted PCT - Time Play
Normal Forward
1 - 31% - 40% - 14:18
2 - 30% - 39% - 13:51
3 - 21% - 20% - 9:36
4 - 18% - 1% - 8:07
Normal Defense
1 - 37% - 40% - 16:47
2 - 31% - 30% - 14:17
3 - 24% - 20% - 10:59
4 - 8% - 10% - 3:49
PP Forward
1 - 57% - 60% - 6:58
2 - 43% - 40% - 5:11
PP Defense
1 - 61% - 60% - 7:26
2 - 39% - 40% - 4:43
PK Forward
1 - 100% - 60% - 1:59
2 - 0% - 40% - 0:00
PK Defense
1 - 81% - 60% - 1:36
2 - 19% - 40% - 0:23
PK3 Forward
1 - 0% - 60%
2 - 0% - 40%
PK3 Defense
1 - 0% - 60%
2 - 0% - 40%
44 Forward
1 - 0% - 60%
2 - 0% - 40%
44 Defense
1 - 0% - 60%
2 - 0% - 40%
Last Minute Offensive - 0:00
Last Minute Defensive - 0:00
Total
Forward - 60:00
Defense - 60:00
|
Play by Play
1st period
0:01 of 1st period - Peter Forsberg wins face-off versus Nicklas Backstrom in neutral zone.
0:36 of 1st period - Off-side.
0:37 of 1st period - Ryan Kesler wins face-off versus Brooks Laich in neutral zone.
1:03 of 1st period - Pierre-Alexandre Parenteau is hit by Dan Hamhuis and loses puck.
1:26 of 1st period - Slapshot by Anton Volchenkov.
1:26 of 1st period - Shot Misses the Net.
1:32 of 1st period - Chris Kunitz is hit by Steve Staios and loses puck.
3:15 of 1st period - Icing by Dan Hamhuis.
3:16 of 1st period - Steven Reinprecht wins face-off versus Brooks Laich in Penguins zone.
3:21 of 1st period - Ryan Suter is hit by Darren Reid and loses puck.
3:28 of 1st period - Darren Reid is hit by Brooks Laich and loses puck.
3:41 of 1st period - Darren Reid is hit by Pierre-Alexandre Parenteau and loses puck.
4:21 of 1st period - Snap shot by Taylor Pyatt.
4:21 of 1st period - Stopped by Niklas Backstrom without a rebound.
4:22 of 1st period - Peter Forsberg wins face-off versus Nicklas Backstrom in Capitals zone.
4:49 of 1st period - Mike Watt is hit by Bobby Ryan and loses puck.
5:40 of 1st period - Backhand shot by Zach Parise.
5:40 of 1st period - Shot Misses the Net.
6:30 of 1st period - Snap shot by Peter Regin.
6:30 of 1st period - Stopped by Chet Pickard with a rebound.
7:41 of 1st period - Wrist shot by Steve Sullivan.
7:41 of 1st period - Shot Misses the Net.
8:07 of 1st period - Wrist shot by Peter Regin.
8:07 of 1st period - Shot Misses the Net.
8:23 of 1st period - Ryan Kesler is hit by Zach Parise and loses puck.
8:40 of 1st period - Anton Volchenkov is hit by Steve Staios and loses puck.
9:06 of 1st period - Wrist shot by Steven Reinprecht.
9:06 of 1st period - Shot Misses the Net.
9:16 of 1st period - Evgeni Malkin is hit by Denis Arkhipov and loses puck.
9:23 of 1st period - Snap shot by Mike Watt.
9:23 of 1st period - Stopped by Niklas Backstrom without a rebound.
9:24 of 1st period - Brooks Laich wins face-off versus Brad Isbister in Capitals zone.
9:35 of 1st period - Snap shot by Brad Isbister.
9:35 of 1st period - Shot Misses the Net.
10:35 of 1st period - Wrist shot by Adam Hall.
10:35 of 1st period - Shot Misses the Net.
10:37 of 1st period - Slapshot by Peter Regin.
10:37 of 1st period - Stopped by Chet Pickard without a rebound.
10:38 of 1st period - Peter Forsberg wins face-off versus Peter Regin in Penguins zone.
10:45 of 1st period - Braydon Coburn is hit by Ted Purcell and loses puck.
11:03 of 1st period - Braydon Coburn is hit by Taylor Pyatt and loses puck.
11:45 of 1st period - Joe Corvo is hit by Peter Forsberg and loses puck.
11:55 of 1st period - Snap shot by Peter Forsberg.
11:55 of 1st period - Deflect By Brad Isbister.
11:55 of 1st period - Shot Blocked by Joe Corvo.
11:55 of 1st period - Puck is out of play.
11:56 of 1st period - Nicklas Backstrom wins face-off versus Ryan Kesler in Capitals zone.
12:03 of 1st period - Snap shot by Ryan Kesler.
12:03 of 1st period - Stopped by Niklas Backstrom with a rebound.
12:05 of 1st period - Snap shot by Taylor Pyatt.
12:05 of 1st period - Stopped by Niklas Backstrom without a rebound.
12:06 of 1st period - Ryan Kesler wins face-off versus Nicklas Backstrom in Capitals zone.
12:21 of 1st period - Snap shot by Ryan Kesler.
12:21 of 1st period - Stopped by Niklas Backstrom with a rebound.
12:28 of 1st period - Wrist shot by Darren Reid.
12:28 of 1st period - Stopped by Niklas Backstrom without a rebound.
12:29 of 1st period - Brad Isbister wins face-off versus Brooks Laich in Capitals zone.
12:54 of 1st period - Brian Rafalski is hit by Taylor Pyatt and loses puck.
13:07 of 1st period - Brian Rafalski is hit by Ryan Kesler and loses puck.
13:18 of 1st period - Wrist shot by Dainius Zubrus.
13:18 of 1st period - Stopped by Niklas Backstrom without a rebound.
13:19 of 1st period - Denis Arkhipov wins face-off versus Nicklas Backstrom in Capitals zone.
13:22 of 1st period - Snap shot by Dainius Zubrus.
13:22 of 1st period - Goal by Dainius Zubrus - Capitals : 0 - Penguins : 1.
13:23 of 1st period - Nicklas Backstrom wins face-off versus Peter Forsberg in neutral zone.
14:42 of 1st period - Slapshot by Peter Regin.
14:42 of 1st period - Stopped by Chet Pickard with a rebound.
14:44 of 1st period - Snap shot by Peter Regin.
14:44 of 1st period - Shot Misses the Net.
14:46 of 1st period - Slapshot by Anton Volchenkov.
14:46 of 1st period - Shot Blocked by Steve Staios.
14:53 of 1st period - Icing by Tom Preissing.
14:54 of 1st period - Evgeni Malkin wins face-off versus Steven Reinprecht in Penguins zone.
15:21 of 1st period - Slapshot by Steve Staios.
15:21 of 1st period - Stopped by Niklas Backstrom without a rebound.
15:22 of 1st period - Brooks Laich wins face-off versus Darren Reid in Capitals zone.
15:22 of 1st period - Brooks Laich is hit by Ryan Kesler.
15:36 of 1st period - Snap shot by Thomas Vanek.
15:36 of 1st period - Stopped by Chet Pickard without a rebound.
15:37 of 1st period - Peter Forsberg wins face-off versus Nicklas Backstrom in Penguins zone.
15:44 of 1st period - Snap shot by Brad Isbister.
15:44 of 1st period - Shot Misses the Net.
16:12 of 1st period - Brooks Laich is hit by Taylor Pyatt and loses puck.
16:27 of 1st period - Braydon Coburn is hit by Steve Staios and loses puck.
16:52 of 1st period - Slapshot by Dan Hamhuis.
16:52 of 1st period - Deflect By Steven Reinprecht.
16:52 of 1st period - Stopped by Niklas Backstrom with a rebound.
16:54 of 1st period - Slapshot by Carlo Colaiacovo.
16:54 of 1st period - Shot Blocked by Braydon Coburn.
16:58 of 1st period - Snap shot by Jere Lehtinen.
16:58 of 1st period - Stopped by Niklas Backstrom without a rebound.
16:59 of 1st period - Peter Forsberg wins face-off versus Nicklas Backstrom in Capitals zone.
17:04 of 1st period - Wrist shot by Peter Forsberg.
17:04 of 1st period - Stopped by Niklas Backstrom with a rebound.
17:06 of 1st period - Snap shot by Peter Forsberg.
17:06 of 1st period - Shot Misses the Net.
17:08 of 1st period - Snap shot by Dan Hamhuis.
17:08 of 1st period - Stopped by Niklas Backstrom with a rebound.
17:10 of 1st period - Snap shot by Peter Forsberg.
17:10 of 1st period - Shot Misses the Net.
17:12 of 1st period - Slapshot by Dan Hamhuis.
17:12 of 1st period - Goal by Dan Hamhuis - Capitals : 0 - Penguins : 2.
17:13 of 1st period - Peter Forsberg wins face-off versus Nicklas Backstrom in neutral zone.
17:26 of 1st period - Slapshot by Ted Purcell.
17:26 of 1st period - Shot Misses the Net.
17:28 of 1st period - Slapshot by Marc-Édouard Vlasic.
17:28 of 1st period - Shot Blocked by Evgeni Malkin.
18:03 of 1st period - Backhand shot by Steven Reinprecht.
18:03 of 1st period - Stopped by Niklas Backstrom without a rebound.
18:04 of 1st period - Steven Reinprecht wins face-off versus Nicklas Backstrom in Capitals zone.
18:27 of 1st period - Snap shot by Jere Lehtinen.
18:27 of 1st period - Stopped by Niklas Backstrom with a rebound.
18:29 of 1st period - Snap shot by Jere Lehtinen.
18:29 of 1st period - Stopped by Niklas Backstrom without a rebound.
18:30 of 1st period - Peter Forsberg wins face-off versus Brooks Laich in Capitals zone.
18:31 of 1st period - Wrist shot by Brad Isbister.
18:31 of 1st period - Stopped by Niklas Backstrom with a rebound.
18:59 of 1st period - Steve Sullivan is hit by Darren Reid.
19:07 of 1st period - Wrist shot by Ales Hemsky.
19:07 of 1st period - Stopped by Chet Pickard without a rebound.
19:08 of 1st period - Denis Arkhipov wins face-off versus Nicklas Backstrom in Penguins zone.
19:13 of 1st period - Backhand shot by Dan Hamhuis.
19:13 of 1st period - Shot Misses the Net.
19:18 of 1st period - Off-side.
19:19 of 1st period - Peter Forsberg wins face-off versus Nicklas Backstrom in neutral zone.
19:28 of 1st period - Slapshot by Brian Rafalski.
19:28 of 1st period - Stopped by Chet Pickard with a rebound.
19:36 of 1st period - Brian Rafalski is hit by Marc-Édouard Vlasic and loses puck.
19:54 of 1st period - Minor Penalty to Bobby Ryan for Holding.
19:55 of 1st period - Evgeni Malkin wins face-off versus Peter Forsberg in Capitals zone.
19:55 of 1st period - Evgeni Malkin is hit by Dan Hamhuis.
2nd period
0:01 of 2nd period - Peter Forsberg wins face-off versus Evgeni Malkin in neutral zone.
0:16 of 2nd period - Slapshot by Taylor Pyatt.
0:16 of 2nd period - Deflect By Braydon Coburn.
0:16 of 2nd period - Stopped by Niklas Backstrom without a rebound.
0:17 of 2nd period - Peter Forsberg wins face-off versus Evgeni Malkin in Capitals zone.
1:54 of 2nd period - Penalty to Bobby Ryan is over, Bobby Ryan is back on ice.
2:39 of 2nd period - Slapshot by Thomas Vanek.
2:39 of 2nd period - Stopped by Chet Pickard without a rebound.
2:40 of 2nd period - Nicklas Backstrom wins face-off versus Denis Arkhipov in Penguins zone.
2:47 of 2nd period - Wrist shot by Zach Parise.
2:47 of 2nd period - Stopped by Chet Pickard with a rebound.
2:49 of 2nd period - Slapshot by Anton Volchenkov.
2:49 of 2nd period - Stopped by Chet Pickard with a rebound.
3:29 of 2nd period - Wrist shot by Brooks Laich.
3:29 of 2nd period - Deflect By Bobby Ryan.
3:29 of 2nd period - Stopped by Chet Pickard with a rebound.
3:31 of 2nd period - Slapshot by Thomas Vanek.
3:31 of 2nd period - Shot Blocked by Tom Preissing.
3:35 of 2nd period - Wrist shot by Thomas Vanek.
3:35 of 2nd period - Deflect By Jere Lehtinen.
3:35 of 2nd period - Shot Blocked by Jere Lehtinen.
3:35 of 2nd period - Puck is out of play.
3:36 of 2nd period - Nicklas Backstrom wins face-off versus Ryan Kesler in Penguins zone.
3:37 of 2nd period - Slapshot by Evgeni Malkin.
3:37 of 2nd period - Shot Blocked by Brooks Orpik.
3:49 of 2nd period - Snap shot by Darren Reid.
3:49 of 2nd period - Stopped by Niklas Backstrom without a rebound.
3:50 of 2nd period - Nicklas Backstrom wins face-off versus Ryan Kesler in Capitals zone.
4:36 of 2nd period - Snap shot by Dainius Zubrus.
4:36 of 2nd period - Deflect By Denis Arkhipov.
4:36 of 2nd period - Stopped by Niklas Backstrom with a rebound.
4:38 of 2nd period - Slapshot by Brooks Orpik.
4:38 of 2nd period - Stopped by Niklas Backstrom without a rebound.
4:39 of 2nd period - Denis Arkhipov wins face-off versus Ales Hemsky in Capitals zone.
4:50 of 2nd period - Wrist shot by Denis Arkhipov.
4:50 of 2nd period - Shot Misses the Net.
4:52 of 2nd period - Snap shot by Denis Arkhipov.
4:52 of 2nd period - Shot Blocked by Braydon Coburn.
4:54 of 2nd period - Slapshot by Carlo Colaiacovo.
4:54 of 2nd period - Stopped by Niklas Backstrom without a rebound.
4:55 of 2nd period - Nicklas Backstrom wins face-off versus Darren Reid in Capitals zone.
5:02 of 2nd period - Wrist shot by Zach Parise.
5:02 of 2nd period - Shot Misses the Net.
5:04 of 2nd period - Snap shot by Zach Parise.
5:04 of 2nd period - Stopped by Chet Pickard with a rebound.
5:06 of 2nd period - Slapshot by Ryan Suter.
5:06 of 2nd period - Deflect By Evgeni Malkin.
5:06 of 2nd period - Stopped by Chet Pickard without a rebound.
5:07 of 2nd period - Nicklas Backstrom wins face-off versus Peter Forsberg in Penguins zone.
5:21 of 2nd period - Off-side.
5:22 of 2nd period - Ryan Kesler wins face-off versus Brooks Laich in neutral zone.
6:10 of 2nd period - Snap shot by Mike Watt.
6:10 of 2nd period - Deflect By Dainius Zubrus.
6:10 of 2nd period - Stopped by Niklas Backstrom without a rebound.
6:11 of 2nd period - Ales Hemsky wins face-off versus Denis Arkhipov in Capitals zone.
6:26 of 2nd period - Snap shot by Ales Hemsky.
6:26 of 2nd period - Deflect By Steve Sullivan.
6:26 of 2nd period - Shot Blocked by Steve Staios.
6:26 of 2nd period - Puck is out of play.
6:27 of 2nd period - Ryan Kesler wins face-off versus Zach Parise in Penguins zone.
6:35 of 2nd period - Off-side.
6:36 of 2nd period - Ryan Kesler wins face-off versus Nicklas Backstrom in neutral zone.
7:14 of 2nd period - Minor Penalty to Evgeni Malkin for Elbowing.
7:15 of 2nd period - Ryan Kesler wins face-off versus Peter Regin in Capitals zone.
7:36 of 2nd period - Zach Parise is hit by Dan Hamhuis and loses puck.
9:14 of 2nd period - Penalty to Evgeni Malkin is over, Evgeni Malkin is back on ice.
9:34 of 2nd period - Snap shot by Steven Reinprecht.
9:34 of 2nd period - Shot Misses the Net.
9:36 of 2nd period - Slapshot by Steven Reinprecht.
9:36 of 2nd period - Shot Misses the Net.
9:38 of 2nd period - Slapshot by Carlo Colaiacovo.
9:38 of 2nd period - Shot Misses the Net.
9:40 of 2nd period - Slapshot by Brooks Orpik.
9:40 of 2nd period - Shot Blocked by Braydon Coburn.
9:52 of 2nd period - Denis Arkhipov is hit by Ales Hemsky and loses puck.
9:59 of 2nd period - Snap shot by Steve Sullivan.
9:59 of 2nd period - Shot Misses the Net.
10:01 of 2nd period - Snap shot by Pierre-Alexandre Parenteau.
10:01 of 2nd period - Stopped by Chet Pickard with a rebound.
10:03 of 2nd period - Wrist shot by Ales Hemsky.
10:03 of 2nd period - Stopped by Chet Pickard without a rebound.
10:04 of 2nd period - Peter Forsberg wins face-off versus Peter Regin in Penguins zone.
10:53 of 2nd period - Slapshot by Brooks Laich.
10:53 of 2nd period - Shot Hit the Post.
10:55 of 2nd period - Backhand shot by Anton Volchenkov.
10:55 of 2nd period - Stopped by Chet Pickard without a rebound.
10:56 of 2nd period - Nicklas Backstrom wins face-off versus Peter Forsberg in Penguins zone.
11:21 of 2nd period - Snap shot by Thomas Vanek.
11:21 of 2nd period - Stopped by Chet Pickard with a rebound.
11:23 of 2nd period - Slapshot by Anton Volchenkov.
11:23 of 2nd period - Shot Hit the Post.
11:44 of 2nd period - Minor Penalty to Ales Hemsky for Tripping.
11:45 of 2nd period - Peter Forsberg wins face-off versus Evgeni Malkin in Capitals zone.
13:34 of 2nd period - Icing by Dan Hamhuis.
13:35 of 2nd period - Ryan Kesler wins face-off versus Peter Regin in Penguins zone.
13:44 of 2nd period - Penalty to Ales Hemsky is over, Ales Hemsky is back on ice.
14:04 of 2nd period - Slapshot by Steve Staios.
14:04 of 2nd period - Stopped by Niklas Backstrom without a rebound.
14:05 of 2nd period - Denis Arkhipov wins face-off versus Nicklas Backstrom in Capitals zone.
14:06 of 2nd period - Snap shot by Dainius Zubrus.
14:06 of 2nd period - Shot Blocked by Joe Corvo.
14:12 of 2nd period - Nicklas Backstrom is hit by Dainius Zubrus and loses puck.
14:49 of 2nd period - Icing by Steve Staios.
14:50 of 2nd period - Ales Hemsky wins face-off versus Peter Forsberg in Penguins zone.
15:22 of 2nd period - Wrist shot by Tom Preissing.
15:22 of 2nd period - Stopped by Niklas Backstrom with a rebound.
15:24 of 2nd period - Slapshot by Peter Forsberg.
15:24 of 2nd period - Shot Misses the Net.
15:26 of 2nd period - Wrist shot by Ted Purcell.
15:26 of 2nd period - Goal by Ted Purcell - Capitals : 0 - Penguins : 3.
15:27 of 2nd period - Ryan Kesler wins face-off versus Evgeni Malkin in neutral zone.
16:01 of 2nd period - Snap shot by Bobby Ryan.
16:01 of 2nd period - Stopped by Chet Pickard without a rebound.
16:02 of 2nd period - Nicklas Backstrom wins face-off versus Ryan Kesler in Penguins zone.
16:11 of 2nd period - Snap shot by Zach Parise.
16:11 of 2nd period - Shot Blocked by Taylor Pyatt.
16:33 of 2nd period - Off-side.
16:34 of 2nd period - Peter Forsberg wins face-off versus Bobby Ryan in neutral zone.
16:51 of 2nd period - Backhand shot by Bobby Ryan.
16:51 of 2nd period - Shot Misses the Net.
16:53 of 2nd period - Wrist shot by Ryan Suter.
16:53 of 2nd period - Shot Blocked by Marc-Édouard Vlasic.
17:07 of 2nd period - Snap shot by Thomas Vanek.
17:07 of 2nd period - Deflect By Brooks Laich.
17:07 of 2nd period - Shot Misses the Net.
17:07 of 2nd period - Puck is out of play.
17:08 of 2nd period - Nicklas Backstrom wins face-off versus Ryan Kesler in Penguins zone.
17:17 of 2nd period - Snap shot by Taylor Pyatt.
17:17 of 2nd period - Stopped by Niklas Backstrom with a rebound.
17:20 of 2nd period - Minor Penalty to Anton Volchenkov for Holding Stick.
17:21 of 2nd period - Evgeni Malkin wins face-off versus Peter Forsberg in Capitals zone.
17:46 of 2nd period - Evgeni Malkin is hit by Dan Hamhuis and loses puck.
18:39 of 2nd period - Darren Reid is hit by Ryan Suter and loses puck.
19:20 of 2nd period - Penalty to Anton Volchenkov is over, Anton Volchenkov is back on ice.
19:27 of 2nd period - Minor Penalty to Denis Arkhipov for Holding.
19:28 of 2nd period - Evgeni Malkin wins face-off versus Peter Forsberg in Penguins zone.
19:29 of 2nd period - Snap shot by Zach Parise.
19:29 of 2nd period - Shot Misses the Net.
3rd period
0:01 of 3rd period - Peter Forsberg wins face-off versus Evgeni Malkin in neutral zone.
0:15 of 3rd period - Off-side.
0:16 of 3rd period - Evgeni Malkin wins face-off versus Peter Forsberg in neutral zone.
0:21 of 3rd period - Snap shot by Evgeni Malkin.
0:21 of 3rd period - Shot Misses the Net.
0:23 of 3rd period - Snap shot by Brian Rafalski.
0:23 of 3rd period - Stopped by Chet Pickard with a rebound.
0:25 of 3rd period - Snap shot by Bobby Ryan.
0:25 of 3rd period - Stopped by Chet Pickard with a rebound.
0:31 of 3rd period - Slapshot by Zach Parise.
0:31 of 3rd period - Shot Misses the Net.
1:27 of 3rd period - Penalty to Denis Arkhipov is over, Denis Arkhipov is back on ice.
1:51 of 3rd period - Brian Rafalski is hit by Steven Reinprecht and loses puck.
2:12 of 3rd period - Brooks Orpik is hit by Steve Sullivan and loses puck.
2:55 of 3rd period - Chris Kunitz is hit by Steven Reinprecht and loses puck.
3:41 of 3rd period - Snap shot by Peter Regin.
3:41 of 3rd period - Shot Misses the Net.
3:43 of 3rd period - Wrist shot by Ryan Suter.
3:43 of 3rd period - Stopped by Chet Pickard without a rebound.
3:44 of 3rd period - Chris Kunitz wins face-off versus Peter Forsberg in Penguins zone.
4:05 of 3rd period - Minor Penalty to Braydon Coburn for Roughing.
4:06 of 3rd period - Peter Forsberg wins face-off versus Evgeni Malkin in Capitals zone.
4:21 of 3rd period - Slapshot by Peter Forsberg.
4:21 of 3rd period - Shot Misses the Net.
4:31 of 3rd period - Bryce Salvador is hit by Mike Watt and loses puck.
4:54 of 3rd period - Bryce Salvador is hit by Peter Forsberg and loses puck.
6:05 of 3rd period - Penalty to Braydon Coburn is over, Braydon Coburn is back on ice.
6:21 of 3rd period - Snap shot by Ales Hemsky.
6:21 of 3rd period - Shot Misses the Net.
6:23 of 3rd period - Wrist shot by Steve Sullivan.
6:23 of 3rd period - Shot Blocked by Brooks Orpik.
6:25 of 3rd period - Snap shot by Steve Sullivan.
6:25 of 3rd period - Shot Blocked by Brooks Orpik.
6:27 of 3rd period - Slapshot by Ryan Suter.
6:27 of 3rd period - Stopped by Chet Pickard with a rebound.
7:00 of 3rd period - Peter Forsberg is hit by Pierre-Alexandre Parenteau and loses puck.
7:15 of 3rd period - Snap shot by Evgeni Malkin.
7:15 of 3rd period - Shot Misses the Net.
7:33 of 3rd period - Steve Staios is hit by Ryan Suter.
7:37 of 3rd period - Steve Staios is hit by Bobby Ryan and loses puck.
8:05 of 3rd period - Zach Parise is hit by Darren Reid and loses puck.
8:12 of 3rd period - Dan Hamhuis is hit by Braydon Coburn and loses puck.
8:23 of 3rd period - Carlo Colaiacovo is hit by Ales Hemsky and loses puck.
8:58 of 3rd period - Ales Hemsky is hit by Jere Lehtinen.
9:10 of 3rd period - Wrist shot by Steve Sullivan.
9:10 of 3rd period - Stopped by Chet Pickard with a rebound.
9:35 of 3rd period - Steve Staios is hit by Bryce Salvador and loses puck.
9:46 of 3rd period - Steve Staios is hit by Bryce Salvador and loses puck.
10:14 of 3rd period - Off-side.
10:15 of 3rd period - Zach Parise wins face-off versus Ryan Kesler in neutral zone.
10:30 of 3rd period - Snap shot by Evgeni Malkin.
10:30 of 3rd period - Shot Blocked by Ryan Kesler.
11:04 of 3rd period - Peter Regin is hit by Peter Forsberg and loses puck.
11:19 of 3rd period - Evgeni Malkin is hit by Ville Peltonen and loses puck.
12:04 of 3rd period - Icing by Brooks Orpik.
12:05 of 3rd period - Denis Arkhipov wins face-off versus Brooks Laich in Penguins zone.
12:05 of 3rd period - Denis Arkhipov is hit by Bobby Ryan.
12:11 of 3rd period - Slapshot by Dainius Zubrus.
12:11 of 3rd period - Shot Blocked by Braydon Coburn.
12:25 of 3rd period - Snap shot by Thomas Vanek.
12:25 of 3rd period - Shot Misses the Net.
12:27 of 3rd period - Slapshot by Braydon Coburn.
12:27 of 3rd period - Shot Misses the Net.
12:29 of 3rd period - Wrist shot by Bobby Ryan.
12:29 of 3rd period - Deflect By Thomas Vanek.
12:29 of 3rd period - Shot Blocked by Steve Staios.
12:29 of 3rd period - Puck is out of play.
12:30 of 3rd period - Ryan Kesler wins face-off versus Nicklas Backstrom in Penguins zone.
12:41 of 3rd period - Wrist shot by Ryan Kesler.
12:41 of 3rd period - Shot Misses the Net.
13:02 of 3rd period - Wrist shot by Peter Forsberg.
13:02 of 3rd period - Deflect By Brian Rafalski.
13:02 of 3rd period - Stopped by Niklas Backstrom with a rebound.
13:04 of 3rd period - Slapshot by Dan Hamhuis.
13:04 of 3rd period - Shot Misses the Net.
13:06 of 3rd period - Snap shot by Dan Hamhuis.
13:06 of 3rd period - Deflect By Brad Isbister.
13:06 of 3rd period - Stopped by Niklas Backstrom with a rebound.
13:08 of 3rd period - Slapshot by Carlo Colaiacovo.
13:08 of 3rd period - Shot Misses the Net.
13:10 of 3rd period - Slapshot by Dan Hamhuis.
13:10 of 3rd period - Stopped by Niklas Backstrom without a rebound.
13:11 of 3rd period - Nicklas Backstrom wins face-off versus Dainius Zubrus in Capitals zone.
13:38 of 3rd period - Brooks Orpik is hit by Anton Volchenkov.
13:48 of 3rd period - Wrist shot by Brooks Laich.
13:48 of 3rd period - Shot Blocked by Darren Reid.
14:24 of 3rd period - Wrist shot by Darren Reid.
14:24 of 3rd period - Deflect By Taylor Pyatt.
14:24 of 3rd period - Stopped by Niklas Backstrom with a rebound.
14:26 of 3rd period - Slapshot by Marc-Édouard Vlasic.
14:26 of 3rd period - Deflect By Joe Corvo.
14:26 of 3rd period - Stopped by Niklas Backstrom with a rebound.
14:28 of 3rd period - Wrist shot by Taylor Pyatt.
14:28 of 3rd period - Stopped by Niklas Backstrom with a rebound.
14:30 of 3rd period - Slapshot by Brooks Orpik.
14:30 of 3rd period - Stopped by Niklas Backstrom with a rebound.
14:32 of 3rd period - Snap shot by Taylor Pyatt.
14:32 of 3rd period - Stopped by Niklas Backstrom without a rebound.
14:33 of 3rd period - Peter Forsberg wins face-off versus Zach Parise in Capitals zone.
15:00 of 3rd period - Ales Hemsky is hit by Dainius Zubrus and loses puck.
15:11 of 3rd period - Denis Arkhipov is hit by Steve Sullivan and loses puck.
15:43 of 3rd period - Nicklas Backstrom is hit by Peter Forsberg and loses puck.
16:27 of 3rd period - Off-side.
16:28 of 3rd period - Nicklas Backstrom wins face-off versus Ville Peltonen in neutral zone.
16:42 of 3rd period - Snap shot by Zach Parise.
16:42 of 3rd period - Shot Hit the Post.
16:57 of 3rd period - Minor Penalty to Ryan Suter for Delaying the game.
16:58 of 3rd period - Peter Forsberg wins face-off versus Evgeni Malkin in Capitals zone.
17:05 of 3rd period - Wrist shot by Peter Forsberg.
17:05 of 3rd period - Goal by Peter Forsberg - Capitals : 0 - Penguins : 4.
17:06 of 3rd period - Peter Forsberg wins face-off versus Evgeni Malkin in neutral zone.
17:21 of 3rd period - Wrist shot by Nicklas Backstrom.
17:21 of 3rd period - Stopped by Chet Pickard without a rebound.
17:22 of 3rd period - Ryan Kesler wins face-off versus Brooks Laich in Penguins zone.
17:22 of 3rd period - Ryan Kesler is hit by Brooks Laich.
17:35 of 3rd period - Minor Penalty to Thomas Vanek for Hooking.
17:36 of 3rd period - Taylor Pyatt wins face-off versus Evgeni Malkin in Capitals zone.
17:39 of 3rd period - Snap shot by Taylor Pyatt.
17:39 of 3rd period - Shot Misses the Net.
17:41 of 3rd period - Slapshot by Dan Hamhuis.
17:41 of 3rd period - Stopped by Niklas Backstrom without a rebound.
17:42 of 3rd period - Evgeni Malkin wins face-off versus Peter Forsberg in Capitals zone.
18:07 of 3rd period - Zach Parise is hit by Mike Watt and loses puck.
18:26 of 3rd period - Slapshot by Anton Volchenkov.
18:26 of 3rd period - Goal by Anton Volchenkov - Capitals : 1 - Penguins : 4.
18:27 of 3rd period - Evgeni Malkin wins face-off versus Peter Forsberg in neutral zone.
19:35 of 3rd period - Penalty to Thomas Vanek is over, Thomas Vanek is back on ice.
19:52 of 3rd period - Minor Penalty to Ryan Suter for Cross-checking.
19:53 of 3rd period - Peter Forsberg wins face-off versus Evgeni Malkin in Capitals zone.
Output by the SimonT Hockey Simulator (STHS) for François Prévost -- Original Page W3C XHTML 1.0 Valid